 Dungeon Crawl Stone Soup version 0.20-a0-517-g5f97612 (webtiles) character file.

389027 Duffy the Warrior (level 23, 134/134 HPs)
             Began as a Vine Stalker Fighter on Jan 25, 2017.
             Was the Champion of Cheibriados.
             Quit the game on level 1 of the Swamp.
             The game lasted 01:08:07 (40148 turns).

Duffy the Warrior (Vine Stalker Fighter)           Turns: 40148, Time: 01:08:08

Health: 134/134    AC: 28    Str: 44    XL:     23   Next: 36%
Magic:  31/31      EV: 28    Int: 23    God:    Cheibriados [******]
Gold:   4594       SH: 33    Dex: 29    Spells: 22/22 levels left

rFire    + . .     SeeInvis .   a - +5 demon whip (elec)
rCold    . . .     Gourm    .   L - +1 plate armour {rPois}
rNeg     . . .     Faith    +   S - +6 large shield
rPois    +         Spirit   +   l - +1 helmet
rElec    .         Reflect  .   X - +1 cloak {MR+}
rCorr    .         Harm     .   W - +1 pair of gloves
MR       +++..                  T - +0 pair of boots (curse)
Stlth    ..........             C - amulet of faith
Regen    1.2/turn               K - ring of protection from fire
                                B - +5 ring of evasion

@: studying Fighting, very slow
A: fangs 3, regeneration 2, magic shield, antimagic bite, no potion heal 3, rot
immunity
}: 1/15 runes: gossamer
a: Bend Time, Temporal Distortion, Slouch, Step From Time, Renounce Religion


You were on level 1 of the Swamp.
You worshipped Cheibriados.
Cheibriados was exalted by your worship.
You were not hungry.

You visited 8 branches of the dungeon, and saw 37 of its levels.
You visited the Abyss 2 times.
You also visited: Bailey, Ice Cave and Wizlab.

You collected 4796 gold pieces.
You spent 202 gold pieces at shops.

Inventory:

Hand Weapons
 a - a +5 demon whip of electrocution (weapon)
 b - the +8 whip "Snakebite" {curare, rPois}
   (You found it on level 4 of the Lair of Beasts)

   It poisons the flesh of those it strikes.
   It protects you from poison.
Armour
 l - a +1 helmet (worn)
 t - the +4 moon troll leather armour {Spirit, Regen++ MP+5}
   (You took it off a moon troll in a wizard's laboratory)

   It affects your magic capacity (+5).
   It increases your rate of regeneration.
 L - a +1 plate armour of poison resistance (worn)
 S - a +6 large shield (worn)
 T - a cursed +0 pair of boots (worn)
 U - a +2 plate armour of cold resistance
 W - a +1 pair of gloves (worn)
 X - a +1 cloak of magic resistance (worn)
Jewellery
 q - an uncursed ring of positive energy
 B - a +5 ring of evasion (left hand)
 C - an amulet of faith (around neck)
 D - an uncursed ring of resist corrosion
 K - a ring of protection from fire (right hand)
Wands
 m - a wand of paralysis (14/24)
 n - a wand of lightning (4/15)
 z - a wand of acid (6/15)
Scrolls
 c - 5 scrolls of identify
 e - 16 scrolls of remove curse
 g - 8 scrolls of recharging
 h - a scroll of holy word
 p - 11 scrolls of teleportation
 v - a scroll of magic mapping
 y - 6 scrolls of fear
 G - a scroll of summoning
 H - 3 scrolls of blinking
 J - 4 scrolls of immolation
 Q - a scroll of vulnerability
 R - 4 scrolls of fog
Potions
 d - 8 potions of might
 j - 10 potions of curing
 s - 7 potions of cure mutation
 u - 4 potions of cancellation
 x - 6 potions of magic
 E - 2 potions of agility
 I - a potion of flight
 M - a potion of resistance
 P - a potion of ambrosia
Books
 o - a manual of Fighting
Comestibles
 f - 11 bread rations
 i - 31 fruits
 k - 24 royal jellies
 F - 9 meat rations


   Skills:
 + Level 18.4 Fighting
 - Level 12.0 Maces & Flails
 - Level 16.5 Armour
 + Level 14.3 Dodging
 + Level 18.1 Shields
 - Level 10.0 Invocations


You had 22 spell levels left.
You didn't know any spells.

Dungeon Overview and Level Annotations

Branches:
Dungeon (15/15)            Temple (1/1) D:7            Lair (6/6) D:10
  Swamp (1/4) Lair:2       Spider (4/4) Lair:2        Slime (0/5) Lair:5
    Orc (2/2) D:12            Elf (3/3) Orc:2        Vaults (5/5) D:13
  Crypt (0/3) Vaults:2     Depths (0/5) D:15

Altars:
Ashenzari
Cheibriados
Dithmenos
Elyvilon
Fedhas
Gozag
Hepliaklqana
Kikubaaqudgha
Makhleb
Nemelex Xobeh
Okawaru
Qazlal
Ru
Sif Muna
Trog
Uskayaw
Vehumet
Xom
Yredelemnul
Zin
The Shining One
Beogh
Jiyva

Shops:
D:7 %   Orc:2 ((:**   Elf:3 }   Vaults:1 =   Vaults:3 *

Portals:
Pandemonium: Orc:2
Trove: Vaults:2 (give +3 gold dragon scales)

Annotations:
Lair:6 exclusion: oklob plant


Innate Abilities, Weirdness & Mutations

You have razor-sharp teeth.
You heal very quickly.
When hurt, damage is shared between your health and your magic reserves.
Your bite disrupts and absorbs the magic of your enemies.
Potions cannot restore your health.
You are immune to rotting.


Message History

The swamp drake is moderately wounded.
You block the swamp drake's attack.
Your unstable footing causes you to fumble your attack.
You barely miss the swamp drake. You bite the swamp drake. You drain its power.
The swamp drake is heavily wounded.
You block the swamp drake's attack.
You hit the swamp drake.
There is a sudden explosion of sparks!
You kill the swamp drake!
Cheibriados appreciates the change of pace.
No target in view!
No target in view!
No target in view!
No target in view!
No target in view!
No target in view!
No target in view!
No target in view!
No target in view!
Unknown command.
Are you sure you want to abandon this character and quit the game? (Confirm with "yes".) 777 77

7777777777777~77.777.77
77~~.........~~~~7.....7
...~~~...7..~~.~@..~.~~~
~...~....7...~~~~.~~~~.~
~..~~~77777.~0~.~.7~~~.~
~......~~~...~~.~.~~~.~.
..~~.7.~~~7~~.~.~.....~.
.~7~.~~~~.7~.~~.~~707..(
.~~~.~~~~~.~~~~~~~~~~7.7
.....~..~.~~~~.~~7~7~~
.~~..77..0~~~~


There were no monsters in sight!

Vanquished Creatures
  Mara (Vaults:3)
  Bai Suzhen (Vaults:3)
  Arachne (Spider:4)
  A tentacled monstrosity (Vaults:2)
  A lich (Vaults:4)
  3 deep elf blademasters
  A moon troll (WizLab)
  2 deep elf master archers (Elf:3)
  A quicksilver dragon (WizLab)
  Frances (D:13)
  Agnes (Elf:1)
  11 tentacled starspawn
  3 tengu reavers
  A shadow dragon (Vaults:2)
  Kirke (Elf:1)
  5 ghost moths
  6 deep elf sorcerers
  10 vault wardens
  Aizul (Vaults:1)
  Louise (D:14)
  5 emperor scorpions
  A cacodemon (WizLab)
  3 deep elf elementalists (Elf:3)
  The ghost of Klosterheim the Severer, a journeyman DsAK of Lugonu (Spider:1)
  9 entropy weavers
  3 war gargoyles (WizLab)
  14 ironheart preservers
  13 stone giants
  4 very ugly things (WizLab)
  11 deep elf demonologists
  11 deep elf annihilators
  4 spark wasps
  4 deep elf death magi
  3 ettins
  12 ogre magi
  2 deep elf high priests (Elf:3)
  11 yaktaur captains
  A fire dragon (Vaults:1)
  7 great orbs of eyes
  Josephine (Lair:6)
  A naga warrior (Abyss:3)
  12 hydras
  3 rakshasas (Vaults:2)
  The ghost of murphy the Grappler, a novice TrMo of the Shining One (Lair:2)
  Erica (D:9)
  31 vault guards
  A catoblepas (Lair:1)
  5 ice dragons
  An anaconda (shapeshifter) (Vaults:3)
  8 centaur warriors
  2 death knights
  31 two-headed ogres
  A two-headed ogre (shapeshifter) (Elf:2)
  A deep troll shaman (Vaults:4)
  2 deep troll earth magi
  2 thrashing horrors (Abyss:2)
  26 dancing weapons
  2 orc high priests (Orc:2)
  A sun demon (Orc:2)
  17 deep elf knights
  A soul eater (Orc:2)
  2 skeletal warriors
  3 unseen horrors
  11 deep trolls
  A sea snake (shapeshifter) (Vaults:4)
  An infernal demonspawn (Orc:2)
  An unseen horror (shapeshifter) (Vaults:4)
  2 swamp dragons (Swamp:1)
  A flayed ghost (Vaults:2)
  5 glowing orange brains
  2 orange crystal statues
  A swamp dragon (shapeshifter) (Vaults:1)
  A shambling mangrove (Swamp:1)
  A torturous demonspawn (Orc:2)
  7 wizards
  17 deep elf archers
  A gelid demonspawn (Orc:2)
  13 ironbrand convokers
  A harpy (shapeshifter) (Elf:1)
  8 starcursed masses (WizLab)
  24 orb spiders
  3 necromancers
  Pikel (D:5)
  22 orc knights
  4 harpies (Vaults:2)
  2 wolf spider zombies
  26 ugly things
  8 oklob plants
  17 orc sorcerers
  40 deep elf magi
  A cyclops (shapeshifter) (Elf:3)
  A salamander (Abyss:3)
  9 cyclopes
  27 wolf spiders
  Maurice (D:11)
  4 moths of wrath
  8 black mambas
  19 elephants
  2 rust devils (Orc:2)
  A naga mage (D:15)
  9 vault sentinels
  Psyche (D:11)
  An orange demon (Abyss:3)
  A gargoyle (D:14)
  5 eyes of devastation (WizLab)
  A guardian serpent (Abyss:3)
  A smoke demon (Abyss:3)
  13 spiny frogs
  3 torpor snails
  5 freezing wraiths
  A rime drake (shapeshifter) (Elf:1)
  3 rime drakes
  7 demonic crawlers
  A komodo dragon (shapeshifter) (Vaults:3)
  28 yaktaurs
  3 ice devils
  9 komodo dragons
  A yaktaur (shapeshifter) (Vaults:1)
  3 efreet
  A harpy zombie (D:14)
  2 guardian mummies (Vaults:2)
  3 tengu conjurers
  38 jumping spiders
  A wind drake (shapeshifter) (Vaults:2)
  10 trolls
  3 polar bears (Lair:6)
  A queen bee (Lair:3)
  3 meliai (Spider:2)
  18 slime creatures
  A tyrant leech (Swamp:1)
  14 blink frogs
  A meliai zombie (D:11)
  19 hornets
  Prince Ribbit (D:5)
  5 dream sheep (Lair:6)
  2 bog bodies (Swamp:1)
  4 raiju (Abyss:3)
  An air elemental (Elf:2)
  An ettin zombie (Abyss:2)
  Sigmund (D:2)
  10 hippogriffs
  11 spriggans (Lair:6)
  3 shadows
  11 wraiths
  2 wyverns
  41 tarantellas
  87 redbacks
  3 water elementals (Elf:3)
  A ynoxinul (Abyss:2)
  30 yaks
  9 basilisks
  3 golden eyes (WizLab)
  A hungry ghost (D:10)
  4 neqoxecs (WizLab)
  3 fire elementals
  A swamp worm (shapeshifter) (Vaults:5)
  2 nagas (Abyss:3)
  A soldier ant (shapeshifter) (Vaults:3)
  6 wargs
  19 water moccasins
  3 acid dragons
  4 large abominations (Elf:1)
  15 porcupines
  4 swamp drakes (Swamp:1)
  55 orc warriors
  9 ice beasts
  An eye of draining (shapeshifter) (Vaults:1)
  5 sky beasts
  7 black bears
  A necrophage (D:6)
  3 small abominations
  An ice dragon simulacrum (Vaults:1)
  42 ogres
  A phantom (D:13)
  6 boggarts
  26 wolves
  15 centaurs
  15 crocodiles
  6 big kobolds (D:12)
  3 elf zombies (Elf:1)
  14 bullfrogs
  Blork the orc (D:5)
  A gnoll sergeant (D:12)
  A wyvern zombie (D:9)
  3 earth elementals
  A scorpion (shapeshifter) (Vaults:2)
  7 scorpions
  36 killer bees
  5 electric eels
  8 howler monkeys
  5 bullfrog zombies
  4 centaur zombies
  A quasit (D:13)
  5 crimson imps
  40 orc priests
  3 human simulacra
  3 bullfrog skeletons
  6 hounds
  4 jellies
  7 centaur skeletons
  4 iguanas
  8 worker ants
  20 orc wizards
  A killer bee zombie (D:11)
  A howler monkey zombie (D:6)
  20 gnolls
  16 adders
  4 shadow imps
  3 oozes
  An adder zombie (D:9)
  2 worms
  4 dart slugs
  5 leopard geckos
  117 orcs
  3 giant cockroaches
  8 goblins
  25 hobgoblins
  6 jackals
  20 kobolds
  2 quokkas
  2 ball pythons
  5 bats
  5 frilled lizards
  A leopard gecko skeleton (D:4)
  A quokka zombie (D:5)
  15 rats
  A plant (Lair:6)
  14 starspawn tentacles
1787 creatures vanquished.

Vanquished Creatures (others)
  A shadow wraith (Vaults:4)
  A harpy (shapeshifter) (Vaults:2)
  A deep elf mage (Elf:1)
  A redback (Spider:2)
  3 humans (Elf:1)
  A jelly (D:14)
  A demonic plant (WizLab)
  6 fungi
  4 plants
  27 starspawn tentacles
46 creatures vanquished.

Grand Total: 1833 creatures vanquished

Notes
Turn   | Place    | Note
-------+----------+-------------------------------------------
     0 | D:1      | Duffy the Vine Stalker Fighter began the quest for the Orb.
     0 | D:1      | Reached XP level 1. HP: 11/11 MP: 2/2
   732 | D:1      | Reached XP level 2. HP: 16/16 MP: 1/3
  1387 | D:2      | Reached XP level 3. HP: 20/20 MP: 4/4
  1806 | D:2      | Gained mutation: Your natural rate of healing is unusually fast. [Vine Stalker growth]
  1806 | D:2      | Reached XP level 4. HP: 23/24 MP: 5/5
  1875 | D:2      | Noticed Sigmund
  1901 | D:2      | Killed Sigmund
  1901 | D:2      | Reached XP level 5. HP: 25/29 MP: 6/6
  1901 | D:2      | Reached XP level 6. HP: 29/33 MP: 7/7
  2882 | D:3      | Found a shadowy altar of Dithmenos.
  3119 | D:4      | Found a sparkling altar of Nemelex Xobeh.
  3132 | D:4      | Reached skill level 5 in Maces & Flails
  3205 | D:4      | Reached XP level 7. HP: 38/38 MP: 8/8
  3280 | D:4      | Found a shimmering altar of Xom.
  3357 | D:4      | You fall through a shaft for 2 floors!
  3357 | D:6      | Found a stormy altar of Qazlal.
  3357 | D:6      | Found a blossoming altar of Fedhas.
  3357 | D:6      | Found a hazy altar of Hepliaklqana.
  3357 | D:6      | Found an ancient bone altar of Kikubaaqudgha.
  3371 | D:6      | Reached skill level 5 in Fighting
  3396 | D:6      | Found a shattered altar of Ashenzari.
  3509 | D:5      | Entered Level 5 of the Dungeon
  3753 | D:4      | Found a white marble altar of Elyvilon.
  3753 | D:4      | Found a glowing silver altar of Zin.
  3753 | D:4      | Found a glowing golden altar of the Shining One.
  3798 | D:3      | Found an ancient bone altar of Kikubaaqudgha.
  3941 | D:4      | Gained mutation: You have razor-sharp teeth. [Vine Stalker growth]
  3941 | D:4      | Reached XP level 8. HP: 44/44 MP: 9/9
  4319 | D:5      | Noticed Blork the orc
  4325 | D:5      | Killed Blork the orc
  4342 | D:5      | Noticed Prince Ribbit
  4359 | D:5      | Killed Prince Ribbit
  4634 | D:5      | Noticed Pikel
  4660 | D:5      | Killed Pikel
  4660 | D:5      | Reached XP level 9. HP: 49/49 MP: 10/10
  6212 | D:7      | Found Fumosh's Food Boutique.
  6287 | D:7      | Found a staircase to the Ecumenical Temple.
  6292 | Temple   | Entered the Ecumenical Temple
  6669 | D:8      | Found a snail-covered altar of Cheibriados.
  6678 | D:8      | Became a worshipper of Cheibriados the Contemplative
  6930 | D:8      | Reached XP level 10. HP: 55/55 MP: 11/11
  6997 | D:8      | Noticed a four-headed hydra
  7036 | D:9      | Reached * piety under Cheibriados
  7056 | D:9      | Noticed Erica
  7068 | D:9      | Killed Erica
  7068 | D:9      | Reached skill level 10 in Maces & Flails
  7068 | D:9      | Reached skill level 5 in Shields
  7395 | D:9      | Reached ** piety under Cheibriados
  7468 | D:9      | Reached skill level 5 in Armour
  7587 | D:10     | Entered Level 10 of the Dungeon
  7741 | D:10     | Found a staircase to the Lair.
  7752 | D:10     | Reached *** piety under Cheibriados
  7752 | D:10     | Reached XP level 11. HP: 48/60 MP: 12/12
  8178 | D:10     | Found a sacrificial altar of Ru.
  8282 | Lair:1   | Entered Level 1 of the Lair of Beasts
  8660 | Lair:1   | Reached **** piety under Cheibriados
  9271 | D:8      | Killed a four-headed hydra
  9730 | Lair:2   | Noticed murphy's ghost (novice TrMo)
  9732 | Lair:2   | Noticed a catoblepas
  9749 | Lair:1   | Killed a catoblepas
  9962 | Lair:2   | Found a staircase to the Swamp.
 10098 | Lair:3   | Gained mutation: You heal very quickly. [Vine Stalker growth]
 10098 | Lair:3   | Reached XP level 12. HP: 58/67 MP: 13/13
 10210 | Lair:3   | Reached ***** piety under Cheibriados
 10254 | Lair:3   | Reached skill level 10 in Fighting
 10574 | Lair:3   | Reached skill level 1 in Invocations
 11411 | Lair:4   | Found a frozen archway.
 11437 | IceCv    | Entered an ice cave
 11581 | Lair:4   | Reached ****** piety under Cheibriados
 12220 | Lair:4   | Reached skill level 5 in Invocations
 12262 | Lair:4   | Reached XP level 13. HP: 72/72 MP: 17/17
 13000 | Lair:5   | Found a viscous altar of Jiyva.
 13000 | Lair:5   | Found a staircase to the Slime Pits.
 13426 | Lair:6   | Entered Level 6 of the Lair of Beasts
 13553 | Lair:6   | Noticed Josephine
 13568 | Lair:6   | Killed Josephine
 13897 | Lair:6   | Reached skill level 10 in Shields
 14080 | Lair:6   | Reached XP level 14. HP: 69/77 MP: 21/21
 14346 | Lair:6   | Found a blossoming altar of Fedhas.
 14508 | Lair:6   | Reached skill level 10 in Armour
 14626 | Lair:6   | Got a brightly glowing scale mail
 14824 | Lair:6   | Identified the +2 scale mail of Defiance {Str+3 Stlth+} (You found it on level 6 of the Lair of Beasts)
 15148 | D:11     | Noticed Maurice
 15160 | D:11     | Killed Maurice
 15170 | D:11     | Noticed Psyche
 15174 | D:11     | Killed Psyche
 16037 | D:12     | Found a staircase to the Orcish Mines.
 16117 | Orc:1    | Entered Level 1 of the Orcish Mines
 16125 | Orc:1    | Reached skill level 10 in Invocations
 16209 | Orc:1    | Noticed a stone giant
 16221 | Orc:1    | Killed a stone giant
 16343 | Orc:1    | Reached skill level 1 in Dodging
 16787 | Orc:2    | Entered Level 2 of the Orcish Mines
 16837 | Orc:2    | Found a staircase to the Elven Halls.
 16968 | Orc:2    | Found Efuhur's General Store.
 16970 | Orc:2    | Found Eplenuy's General Store.
 17028 | Orc:2    | Reached XP level 15. HP: 47/81 MP: 23/23
 17749 | Orc:2    | Found Efapp's Book Boutique.
 17749 | Orc:2    | Found a one-way gate leading to the halls of Pandemonium.
 17749 | Orc:2    | Found Kocucz Gooh's Antique Weapon Shop.
 17922 | Orc:2    | Found a roughly hewn altar of Beogh.
 18082 | Orc:2    | Found Fenuere's Antique Weapon Emporium.
 18267 | Orc:2    | Found a roughly hewn altar of Beogh.
 18536 | Orc:2    | Bought a potion of agility for 60 gold pieces
 18536 | Orc:2    | Bought a scroll of identify for 30 gold pieces
 18536 | Orc:2    | Bought a potion of might for 60 gold pieces
 18967 | Lair:2   | Found a hole to the Spider Nest.
 19356 | Lair:2   | Killed murphy's ghost
 20438 | D:13     | Found a glowing silver altar of Zin.
 20474 | D:13     | Found a flagged portal.
 20494 | Bailey   | Entered a bailey
 21032 | D:13     | Noticed Frances
 21039 | D:13     | Killed Frances
 21137 | D:13     | Found a gate to the Vaults.
 21153 | D:13     | Paralysed by a hornet for 3 turns
 21595 | D:14     | Reached skill level 5 in Dodging
 21732 | D:14     | Reached XP level 16. HP: 66/88 MP: 24/24
 21958 | D:14     | Noticed Louise
 21970 | D:14     | Killed Louise
 22175 | D:15     | Entered Level 15 of the Dungeon
 22536 | D:15     | Found a sacrificial altar of Ru.
 22699 | D:15     | Paralysed by an orc sorcerer for 6 turns
 22806 | D:15     | Found a staircase to the Depths.
 23017 | Spider:1 | Entered Level 1 of the Spider Nest
 23024 | Spider:1 | Gained mutation: Your skin changes colour to match your surroundings (Stealth+). [potion of beneficial mutation]
 23050 | Spider:1 | Noticed Klosterheim's ghost (journeyman DsAK)
 23066 | Spider:1 | Killed Klosterheim's ghost
 24708 | Spider:2 | Reached XP level 17. HP: 61/94 MP: 20/25
 26015 | Spider:4 | Entered Level 4 of the Spider Nest
 26322 | Spider:4 | Noticed Arachne
 26337 | Spider:4 | Killed Arachne
 26506 | Spider:4 | Got a gossamer rune of Zot
 26610 | Spider:4 | Reached XP level 18. HP: 74/100 MP: 24/26
 27643 | Vaults:1 | Entered Level 1 of the Vaults
 28433 | Vaults:4 | Reached skill level 10 in Dodging
 28829 | Vaults:4 | Noticed a lich
 28841 | Vaults:4 | Killed a lich
 28841 | Vaults:4 | Reached XP level 19. HP: 106/106 MP: 27/27
 28867 | Vaults:5 | Entered Level 5 of the Vaults
 28871 | Vaults:5 | Reached skill level 15 in Shields
 29003 | Vaults:3 | Noticed Mara
 29025 | Vaults:3 | Noticed Duffy's illusion
 29033 | Vaults:3 | Killed Mara
 29048 | Vaults:3 | Noticed Bai Suzhen
 29078 | Vaults:3 | Killed Bai Suzhen
 29546 | Vaults:1 | Reached skill level 15 in Fighting
 29568 | Vaults:1 | Noticed Aizul
 29588 | Vaults:1 | Killed Aizul
 29778 | Vaults:1 | Found Vemuemuf's Jewellery Shoppe.
 30091 | Vaults:1 | Reached XP level 20. HP: 113/113 MP: 28/28
 30442 | Vaults:2 | Found a staircase to the Crypt.
 31210 | Vaults:2 | Reached skill level 15 in Armour
 31211 | Vaults:2 | Noticed a Tzitzimitl
 31450 | Vaults:2 | Found a portal to a secret trove of treasure.
 32183 | Vaults:3 | Found Hotirhov's Assorted Antiques.
 32187 | Vaults:3 | Bought a scroll of fog for 52 gold pieces
 32212 | Vaults:3 | Reached XP level 21. HP: 119/119 MP: 29/29
 33586 | Vaults:4 | Cast into level 3 of the Abyss (a deep elf demonologist)
 33814 | Vaults:4 | Escaped the Abyss
 34350 | Elf:1    | Entered Level 1 of the Elven Halls
 34541 | Elf:1    | Noticed Kirke
 34544 | Elf:1    | Killed Kirke
 34815 | Elf:1    | Noticed Agnes
 34825 | Elf:1    | Killed Agnes
 35563 | Elf:3    | Entered Level 3 of the Elven Halls
 35680 | Elf:3    | Found a magical portal.
 35683 | WizLab   | Entered Lehudib's Moon Base
 35759 | WizLab   | Reached XP level 22. HP: 126/126 MP: 30/30
 35795 | WizLab   | Paralysed by accursed screaming for 1 turns
 36169 | WizLab   | Gained mutation: You are weak. (Str -2) [a neqoxec]
 36534 | WizLab   | Paralysed by accursed screaming for 1 turns
 36579 | WizLab   | Gained mutation: Your body sometimes deteriorates upon taking damage. [a neqoxec]
 37454 | Elf:3    | Found Ucou's Gadget Shoppe.
 38068 | Elf:3    | Lost mutation: Your body sometimes deteriorates upon taking damage. [potion of cure mutation]
 38068 | Elf:3    | Lost mutation: You are weak. (Str -2) [potion of cure mutation]
 38068 | Elf:3    | Lost mutation: Your skin changes colour to match your surroundings (Stealth+). [potion of cure mutation]
 38127 | Elf:3    | Cast into level 2 of the Abyss (a deep elf sorcerer)
 38279 | Abyss:2  | Found a stormy altar of Qazlal.
 38301 | Elf:3    | Escaped the Abyss
 38432 | Elf:3    | Got a twisted shield
 38433 | Elf:3    | Identified the +3 shield "Tadwaap" {MR+++ rCorr Dex-4 SInv} (You took it off a deep elf sorcerer on level 3 of the Elven Halls)
 38574 | Elf:3    | Got an ancient eveningstar
 38575 | Elf:3    | Identified the cursed +0 eveningstar "Beetleslayer" {crush, *Corrode rC+ MR+ Dex+2} (You found it on level 3 of the Elven Halls)
 38841 | Elf:3    | Reached XP level 23. HP: 133/133 MP: 31/31
 39136 | Elf:2    | Found a runed gate.
 39136 | Elf:2    | Found a runed gate.
 39140 | Elf:2    | Found a runed gate.
 39916 | Swamp:1  | Entered Level 1 of the Swamp
 40148 | Swamp:1  | Quit the game

Vault maps used:
D:1:      tarquinn_simple_flora_water_f
D:2:      kennysheep_six_static_rooms, minmay_rat_gold_closets, uniq_sigmund
D:3:      lemuel_upstairs_altar, nicolae_dithmenos_through_a_glass_darkly,
          first_bread, minmay_bisected
D:4:      good_gods_mini_temple, tgw_xom, lemuel_round_altar, minivault_11
D:5:      kennysheep_generic_room_9, uniq_blork_the_orc, uniq_pikel,
          uniq_prince_ribbit1
D:6:      corexii_shack_village, grunt_temple_overflow_open
D:7:      cheibrodos_quashed, temple_doors_ab, serial_shops, nicolae_shop_stone
D:8:      slow_altar_2
D:9:      uniq_erica
D:10:     david_lair_generic, nicolae_ru_path_of_blood
D:11:     uniq_maurice, uniq_psyche
D:12:     kennysheep_orc_monster_closet_entryway
D:13:     david_vaults_1, enter_bailey_1, basic_altar, uniq_frances
D:14:     minmay_misc_feat_four_crosses, uniq_louise
D:15:     grunt_enter_depths_magical_seal, lemuel_doored_altar
Temple:   nicolae_temple_figure_zero
Lair:2:   minmay_swamp_entry_reptiles, spider_nest_entry_a, lemuel_fruit_tree,
          serial_bayou_shore_b
Lair:3:   special_room, serial_bayou_ford_a, grunt_megastairs_3
Lair:4:   minmay_guarded_unrand_snakebite, portal_ice_cave_demonic_guard,
          grunt_megastairs_4
Lair:5:   slime_altar_1, kennysheep_basilisk_garden, serial_bayou_shore_b,
          serial_bayou_shore_a
Lair:6:   minmay_lair_end_enchanted_forest, tgw_fedhas,
          minmay_lair_oklob_chamber, uniq_josephine
Swamp:1:  nicolae_swamp_godswood, infiniplex_staircase_pool
Spider:2: guppyfry_hornet_nest
Spider:3: spider_trap
Spider:4: johnstein_spider_rune_arachne_lair
Orc:1:    minmay_goldmine, lightli_orcish_oven
Orc:2:    pf_orc_diabolical, serial_shops, shop, basic_altar,
          minmay_orc_temple_a
Elf:1:    dpeg_oklob_gauntlet, minmay_elf_necromancy, uniq_agnes, uniq_kirke
Elf:2:    minmay_misc_feat_columns
Elf:3:    elf_hall, serial_shops, shop_statue, mu_enter_wizlab_7,
          basic_stair_grate_trap
Vaults:1: v_misc_29, hangedman_vaults_cutoff, v_misc_18, vaults_room_pools,
          grunt_vaults_focal, vaults_mumra_minichess_inversion,
          nicolae_vaults_murderbox, nicolae_vaults_triangles, v_misc_8,
          v_rooms_4, nicolae_vaults_asterisk, serial_shops, shop, uniq_aizul
Vaults:2: hangedman_vaults_stretched_pinwheel, nicolae_vaults_twisting_passages,
          hangedman_vaults_variations, st_star, vaults_room_grid,
          minmay_crypt_entry_nasty_monster, v_misc_12, v_misc_10,
          grunt_vaults_trifunnel, vaults_mumra_lcd, v_misc_32,
          nicolae_vaults_asterisk, vaults_room_hallway,
          nicolae_trove_entry_path_of_doom
Vaults:3: nicolae_vaults_little_squares_4, hangedman_vaults_snaps, v_pattern_5,
          vaults_room_pool, v_misc_9, v_misc_2, serial_shops,
          nicolae_shop_stone, uniq_bai_suzhen, uniq_mara
Vaults:4: ontoclasm_vaults_hangar, v_alt_pattern_1, nicolae_vaults_statue_guard,
          ontoclasm_vaults_decontamination, vaults_dpeg_hooks,
          nicolae_vaults_shelves_hall, nicolae_vaults_specimen_jars
Vaults:5: serial_shops
Bailey:   bailey_axe_2, bailey
IceCv:    ice_cave_statue_garden_teleport
WizLab:   wizlab_lehudib

Skill      XL: |  1  2  3  4  5  6  7  8  9 10 11 12 13 14 15 16 17 18 19 20 21 22 23 |
---------------+----------------------------------------------------------------------+-----
Fighting       | 3 4 5 6 7 8 9 10 11 12 13 14 15 16 17 18 | 18.4
Maces & Flails | 2 3 4 5 6 8 9 10 11 12 | 12.0
Armour         | 3 4 5 6 7 9 10 11 12 13 14 15 16 | 16.5
Shields        | 3 4 6 7 8 10 11 12 13 14 15 16 17 18 | 18.1
Invocations    | 5 8 10 | 10.0
Dodging        | 1 5 7 8 10 11 12 13 14 | 14.3

Action                   |  1- 3 |  4- 6 |  7- 9 | 10-12 | 13-15 | 16-18 | 19-21 | 22-24 || total
-------------------------+-------+-------+-------+-------+-------+-------+-------+-------++-------
Melee: Flail             |   107 |   130 |   110 |       |       |       |       |       ||   347
       Bite              |    29 |    39 |    95 |   264 |   736 |   837 |  1014 |   461 ||  3475
       Whip              |       |       |   193 |   577 |  1275 |  1351 |  1529 |   530 ||  5455
       Demon whip        |       |       |       |       |       |       |       |   203 ||   203
Invok: Slouch            |       |       |       |       |     9 |     7 |     8 |     4 ||    28
       Temporal Distorti |       |       |       |       |     1 |     8 |     3 |     2 ||    14
       Bend Time         |       |       |       |       |     1 |     1 |       |       ||     2
Evoke: Wand              |       |       |       |     1 |       |     6 |       |       ||     7
  Use: Potion            |     1 |       |     3 |     4 |     2 |     4 |     2 |     3 ||    19
       Scroll            |       |     3 |     5 |     9 |    14 |     5 |     5 |    14 ||    55
 Stab: Invisible         |       |       |       |       |    11 |       |       |       ||    11
       Distracted        |       |       |       |       |       |       |       |     1 ||     1
       Sleeping          |       |       |       |       |       |       |       |     1 ||     1
  Eat: Chunk             |     3 |    16 |    10 |     7 |    17 |    15 |    16 |     1 ||    85
       Bread ration      |       |       |       |       |     1 |     1 |       |     2 ||     4
Armor: Scale mail        |    15 |       |       |       |       |       |       |       ||    15
       Chain mail        |    45 |    92 |    51 |       |       |       |       |       ||   188
       Plate armour      |       |       |    55 |   148 |   306 |   380 |   177 |    54 ||  1120
       Skin              |       |       |    11 |    54 |    19 |       |       |       ||    84
       Troll leather arm |       |       |       |       |       |       |       |    30 ||    30
Dodge: Dodged            |    21 |    27 |    31 |    77 |   212 |   430 |   403 |   259 ||  1460
Block: Shield            |    55 |    58 |   113 |   254 |   703 |    61 |       |    12 ||  1256
       Large shield      |       |       |       |       |       |  1296 |  1353 |   533 ||  3182
